 Dungeon Crawl Stone Soup version 0.25-b1-23-ge2ad7d536c (webtiles) character file.

Game seed: 2845986786523151954, levelgen mode: deterministic

162 lepoulpe303 the Chopper (level 5, 0/49 HPs)
             Began as a Deep Dwarf Monk on June 3, 2020.
             Slain by an ogre
             ... wielding a +0 giant spiked club
              (6 damage)
             ... on level 3 of the Dungeon.
             The game lasted 00:09:00 (1752 turns).

lepoulpe303 the Chopper (Deep Dwarf Monk)           Turns: 1752, Time: 00:09:01

Health: 0/49       AC: 12    Str: 16    XL:     5   Next: 19%
Magic:  5/5        EV:  6    Int: 10    God:
Gold:   144        SH:  0    Dex: 15    Spells: 4/4 levels left

rFire    . . .     SeeInvis .   a - +0 hand axe
rCold    . . .     Gourm    .   (no shield)
rNeg     . . .     Faith    .   h - +0 plate armour
rPois    .         Spirit   .   (no helmet)
rElec    .         Reflect  .   i - +0 cloak
rCorr    .         Harm     .   (no gloves)
MR       .....                  (no boots)
Stlth    ..........             (no amulet)
HPRegen  0.00/turn              (no ring)
MPRegen  0.09/turn              (no ring)

@: non-regenerating
A: damage resistance, heal wounds, sense surroundings 1, no regeneration
a: Heal Wounds


You were on level 3 of the Dungeon.
You were not hungry.

You visited 1 branch of the dungeon, and saw 3 of its levels.

You collected 144 gold pieces.

Inventory:

Hand Weapons
 a - a +0 hand axe (weapon)
 b - a +0 fustibalus
Missiles
 n - 9 boomerangs (quivered)
 s - 34 poisoned darts
 Q - 23 stones
Armour
 d - a +0 leather armour
 h - a +0 plate armour (worn)
 i - a +0 cloak (worn)
 w - a +0 robe
Jewellery
 k - an uncursed ring of see invisible {unknown}
 m - a cursed ring of teleportation {unknown}
Scrolls
 c - 3 scrolls of identify {unknown}
 g - a scroll of fog {unknown}
 o - a scroll of blinking {unknown}
 p - 2 scrolls of teleportation {unknown}
 q - a scroll of noise {unknown}
 r - a scroll of amnesia {unknown}
 t - 3 scrolls of enchant weapon {unknown}
 u - a scroll of fear {unknown}
 x - a scroll of enchant armour {unknown}
 y - a scroll of remove curse {unknown}
Potions
 j - a potion of lignification {unknown}
 l - 3 potions of stabbing {unknown}
 v - a potion of curing {unknown}
Comestibles
 e - 4 rations
 f - 6 chunks of flesh


   Skills:
 + Level 3.2 Fighting
 * Level 4.6 Axes
 * Level 3.0 Armour
 + Level 4.0 Dodging
 - Level 2.4 Stealth


You had 4 spell levels left.
You didn't know any spells.
Your spell library contained the following spells:

 Spells                   Type           Power        Failure   Level  Hunger
 Summon Small Mammal      Summ           #...         100%        1    ##.....
 Call Imp                 Summ           #.......     100%        2    ###....
 Call Canine Familiar     Summ           #.......     100%        3    ####...
 Summon Guardian Golem    Hex/Summ       #.......     100%        3    ####...
 Summon Ice Beast         Ice/Summ       #.......     100%        4    #####..
 Summon Lightning Spire   Summ/Air       #.......     100%        4    #####..


Dungeon Overview and Level Annotations

Branches:
Dungeon (3/15)

Altars:
Dithmenos
Elyvilon
Vehumet

Annotations:
D:2 Sigmund


Innate Abilities, Weirdness & Mutations

You are resistant to damage.
You can heal yourself by infusing magical energy.
You passively map a small area around you.
You do not regenerate.


Message History

You shoot a stone.
The stone hits the ogre but does no damage.
Firing (i - inventory)
Q - 24 stones (quivered)
Aim: an ogre, wielding a +0 giant spiked club (lightly wounded)
You shoot a stone. The stone hits the ogre!
a - a +0 hand axe (weapon)
You hit the ogre.
The ogre hits you with a +0 giant spiked club!!
* * * LOW HITPOINT WARNING * * *
You take 19 damage, and have 18/49 hp.
MASSIVE DAMAGE!!
You hit the ogre.
The ogre hits you with a +0 giant spiked club!
* * * LOW HITPOINT WARNING * * *
You take 12 damage, and have 6/49 hp.
MASSIVE DAMAGE!!
Okay, then.
You hit the ogre.
The ogre hits you with a +0 giant spiked club!
You die...

* , , * ,#.# * , * #.#
* * , #.# , ########.#
#........###
.######.######...# ** ,
>................+, ,
.(....#.######...####
*...((.O@..............
,..<.##+##.###)########
. ,, #..##.# * , * ,
#.....## * ** *
,,####...# ⌠ #.⌠#...##
...#....# , #..##.# , ,
#.....#


You could see an ogre.

Levels and vault maps discovered:
D:1:      roderic_crossed_star, layout_basic, minmay_strange_pillars
D:2:      layout_loops_cross, elyvilon_altar_5, uniq_sigmund, uniq_jessica
D:3:      layout_basic, gammafunk_temple_overflow_elements,
          evilmike_ruin_ashenzari

Notes
Turn   | Place    | Note
-------+----------+-------------------------------------------
     0 | D:1      | lepoulpe303 the Deep Dwarf Monk began the quest for the
                  | Orb.
     0 | D:1      | Reached XP level 1. HP: 20/20 MP: 1/1
    49 | D:1      | Identified a +0 leather armour (You found it on level 1 of
                  | the Dungeon)
   147 | D:1      | Identified a +0 club
   158 | D:1      | Reached XP level 2. HP: 25/27 MP: 2/2
   165 | D:1      | Identified a +0 cloak (You found it on level 1 of the
                  | Dungeon)
   283 | D:1      | Identified a +0 club
   441 | D:1      | Reached skill level 1 in Armour
   457 | D:1      | Identified a +0 short sword
   597 | D:2      | Identified a +0 scythe
   597 | D:2      | Identified a +0 robe
   597 | D:2      | Noticed Sigmund
   691 | D:2      | Identified a +0 dagger
   691 | D:2      | Identified a +0 robe
   691 | D:2      | Noticed Jessica
   691 | D:2      | Identified a +0 dagger
   692 | D:2      | Identified a +0 dagger of flaming
   695 | D:2      | Killed Jessica
   695 | D:2      | Reached skill level 3 in Fighting
   695 | D:2      | Reached skill level 4 in Axes
   695 | D:2      | Reached XP level 3. HP: 20/34 MP: 3/3
   711 | D:2      | HP: 6/34 [worm (6)]
   712 | D:2      | HP: 1/34 [worm (5)]
   717 | D:2      | HP: 8/34 [worm (5)]
   720 | D:2      | Reached skill level 2 in Armour
   720 | D:2      | Reached XP level 4. HP: 11/42 MP: 4/4
   778 | D:2      | Found a white marble altar of Elyvilon.
  1109 | D:2      | Identified a +0 club
  1223 | D:2      | Identified a +0 plate armour (You found it on level 1 of
                  | the Dungeon)
  1355 | D:3      | Identified a +0 leather armour
  1356 | D:3      | Identified a +0 trident
  1358 | D:3      | Identified a cursed +0 leather armour
  1361 | D:3      | Identified a +0 short sword
  1361 | D:3      | Identified a +0 scale mail
  1371 | D:3      | Reached XP level 5. HP: 40/49 MP: 5/5
  1393 | D:3      | Found a shadowy altar of Dithmenos.
  1393 | D:3      | Found a radiant altar of Vehumet.
  1510 | D:3      | Reached skill level 4 in Dodging
  1533 | D:3      | Reached skill level 3 in Armour
  1537 | D:3      | Identified a +0 fustibalus (You found it on level 3 of the
                  | Dungeon)
  1540 | D:3      | Identified a +0 hand axe
  1688 | D:3      | Identified a +0 club
  1745 | D:3      | Identified a +0 giant spiked club
  1745 | D:3      | Noticed an ogre
  1751 | D:3      | HP: 6/49 [ogre/+0 giant spiked club (12)]
  1752 | D:3      | Slain by an ogre

Table legend:
 A = Turns spent in this place as a percentage of turns spent in the entire game.
 B = Non-inter-level travel turns spent in this place as a percentage of non-inter-level travel turns spent in the entire game.
 C = Inter-level travel turns spent in this place as a percentage of turns spent in this place.
 D = Turns resting spent in this place as a percentage of non-inter-level travel turns spent in this place.
 E = Turns spent auto-exploring this place as a percentage of non-inter-level travel turns spent in this place.
 F = Non-inter-level travel turns spent in this place divided by the number of levels of this place that you've seen.
                   A       B       C       D       E      F
               +-------+-------+-------+-------+-------+----------------------
         Total | 100.0 | 100.0 |   9.0 |   0.0 |  72.6 | 531.3
       Dungeon | 100.0 | 100.0 |   9.0 |   0.0 |  72.6 | 531.3
               +-------+-------+-------+-------+-------+----------------------

Table legend:
 A = Kills in this place as a percentage of kills in entire the game.
 B = Kills by you in this place as a percentage of kills by you in the entire game.
 C = Kills by friends in this place as a percentage of kills by friends in the entire game.
 D = Other kills in this place as a percentage of other kills in the entire game.
 E = Experience gained in this place as a percentage of experience gained in the entire game.
 F = Experience gained in this place divided by the number of levels of this place that you have seen.
                   A       B       C       D       E      F
               +-------+-------+-------+-------+-------+----------------------
         Total | 100.0 | 100.0 |   N/A |   N/A | 100.0 |  77.3
       Dungeon | 100.0 | 100.0 |   N/A |   N/A | 100.0 |  77.3
               +-------+-------+-------+-------+-------+----------------------

Skill      XL: |  1  2  3  4  5 |
---------------+----------------+-----
Armour         | 1 2 3 |  3.0
Fighting       | 3 |  3.2
Axes           | 4 |  4.6
Dodging        | 4 |  4.0
Stealth        | |  2.4

Action                   |  1- 3 |  4- 6 || total
-------------------------+-------+-------++-------
Melee: Hand axe          |    49 |    96 ||   145
 Fire: Fustibalus        |       |    12 ||    12
Throw: Boomerang         |    15 |    19 ||    34
 Abil: Heal Wounds       |     1 |     2 ||     3
 Stab: Sleeping          |     5 |     1 ||     6
  Eat: Chunk             |       |     3 ||     3
Armor: Robe              |     1 |       ||     1
       Skin              |     1 |     8 ||     9
       Plate armour      |       |    24 ||    24
Dodge: Dodged            |    27 |    52 ||    79

Vanquished Creatures
  A hound (D:2)
  Jessica (D:2)
  4 adders
  3 worms
  3 dart slugs
  A leopard gecko (D:2)
  6 orcs
  3 bats
  3 giant cockroaches
  5 goblins
  3 hobgoblins
  3 jackals (D:1)
  3 kobolds
  2 ball pythons
  4 frilled lizards
  5 rats
50 creatures vanquished.
